 Dungeon Crawl Stone Soup version 0.17.2 (webtiles) character file.

58 Goblin1989 the Slasher (level 3, 0/39 HPs)
             Began as a Demonspawn Wanderer on June 21, 2016.
             Hit by a goblin thrown by Robin (1 damage)
             ... on level 2 of the Dungeon.
             The game lasted 00:04:29 (1449 turns).

Goblin1989 the Slasher (Demonspawn Wanderer)        Turns: 1449, Time: 00:04:29

Health: 0/39       AC: 21    Str: 14    XL:     3   Next: 75%
Magic:  3/3        EV:  2    Int: 12    God:
Gold:   44         SH:  0    Dex: 12    Spells: 0 memorised, 2 levels left

rFire  . . .     SeeInvis .     l - -1 war axe (curse)
rCold  . . .     Clarity  .     (armour currently unavailable)
rNeg   + + +     SustAt   .     (no shield)
rPois  +         Gourm    .     (helmet currently unavailable)
rElec  .         Spirit   .     (cloak currently unavailable)
rCorr  .         Warding  .     (gloves currently unavailable)
rMut   .         NoTele   +     (boots currently unavailable)
MR     .....                    (no amulet)
Stlth  ++........               (no ring)
                                (no ring)

@: tree-form, not resistant to hostile enchantments, unstealthy
A: (cold resistance 0), freezing cloud immunity
a: no special abilities


You were on level 2 of the Dungeon.
You were hungry.
You were a tree.
You visited 1 branch of the dungeon, and saw 2 of its levels.

You collected 44 gold pieces.

Inventory:

Hand Weapons
 a - a +2 falchion
 l - a cursed -1 war axe (weapon)
Missiles
 d - 35 arrows
 e - 51 stones (quivered)
 h - 13 arrows of flame
Armour
 j - a +0 ring mail (melded)
Jewellery
 m - an uncursed amulet of resist corrosion {unknown}
Scrolls
 b - a scroll of teleportation
 i - 2 scrolls of identify
Potions
 c - a potion of lignification {!q}
 g - a potion of brilliance
 n - a potion of heal wounds {unknown}
Comestibles
 f - 4 bread rations
 k - a meat ration


   Skills:
 - Level 1.0 Fighting
 + Level 5.0 Long Blades
   Level 1.7 Crossbows
 - Level 1.0 Armour
 - Level 1.7 Stealth


You had 2 spell levels left.
You didn't know any spells.

Dungeon Overview and Level Annotations

Branches:
Dungeon (2/15)

Altars:

Annotations:
D:2 Robin


Innate Abilities, Weirdness & Mutations

((Your flesh is cold resistant.))
You are immune to freezing clouds.


Message History

Really quaff
c - 2 potions of lignification {!q}?
You turn into a tree.
Your +0 ring mail melds into your body.
Your roots penetrate the ground.
The goblin hits you but does no damage. The goblin hits you but does no damage.
You now have 3/39 hp.
You barely miss the goblin. You hit the goblin. The goblin hits you.
* * * LOW HITPOINT WARNING * * *
The goblin hits you but does no damage.
Robin's horned helmet rattles.
The goblin hits you but does no damage.
You barely miss the goblin. x2
The goblin hits you.
* * * LOW HITPOINT WARNING * * *
The goblin hits you but does no damage. x2
You take 2 damage, and have 1/39 hp.
You slash the goblin!
You kill the goblin!
You closely miss the goblin. The goblin hits you but does no damage.
Robin throws the goblin at you!
You die...

..............##.#
########....####.#
##.#.# #.# #)#.#
#.# #.#.####.#
#........#
#####.#....###
...#.####g# #.#.##
#♣# #....###g##
###....ggK#
##....gg#
##..(...####
#...........
#..†....##.#
##.....#.# #
#......#.#


You could see Robin, 3 hobgoblins, 2 goblins and a kobold.

Vanquished Creatures
  2 adders (D:2)
  An ooze (D:1)
  A giant gecko (D:2)
  3 giant cockroaches
  7 goblins
  4 hobgoblins
  4 jackals (D:2)
  2 kobolds
  4 bats
  2 giant newts
  2 rats (D:1)
32 creatures vanquished.

Notes
Turn   | Place    | Note
--------------------------------------------------------------
     0 | D:1      | Goblin1989 the Demonspawn Wanderer began the quest for the Orb.
     0 | D:1      | Goblin1989 set off with: a +2 falchion, a scroll of teleportation, a potion of lignification {!q}, a +0 robe, a +0 dagger, a bread ration
     0 | D:1      | Reached XP level 1. HP: 15/15 MP: 1/1
   395 | D:1      | Reached skill level 4 in Long Blades
   517 | D:1      | Gained mutation: Your flesh is cold resistant. [demonic ancestry]
   517 | D:1      | Reached XP level 2. HP: 14/21 MP: 2/2
   866 | D:2      | Gained mutation: You are immune to freezing clouds. [demonic ancestry]
   866 | D:2      | Reached XP level 3. HP: 23/26 MP: 3/3
  1420 | D:2      | Noticed Robin
  1445 | D:2      | Reached skill level 5 in Long Blades
  1448 | D:2      | HP: 1/39 [goblin[Robin] (2)]
  1449 | D:2      | Hit by a goblin thrown by Robin

Action                   || total
-------------------------++-------
Melee: Falchion          ||    61
       War axe           ||    75
  Use: Scroll            ||     4
       Potion            ||     1
 Stab: Sleeping          ||     1
  Eat: Chunk             ||     1
